Map: 2000 Atmospheres LE

Players

Solar - Winner!

  • Race: Zerg Zerg
  • League: Master

ByuN

  • Race: Terran Terran

Event: StayAtHome Story Cup #4

VOD

Have the link to the VOD?

Description

Time

  • Played on: Oct. 24, 2021, 11:36 a.m.
  • Length: 23:48

All games in this series

Show
View Real Time Build Order
Export as new Build Order

Solar Zerg - Winner!

Build Orders: Hatch First 

Get SALT Encoding   

  12  0:00  Drone  
  13  0:12  Overlord  
  13  0:17  Drone  
  14  0:31  Drone x2  
  16  0:48  Hatchery  
  15  0:52  Drone  
  15  0:54  Drone  
  17  0:57  Drone  
  18  1:08  Extractor  
  17  1:13  Spawning Pool  
  17  1:16  Drone  
  17  1:19  Drone  
  18  1:28  Drone  
  19  1:39  Drone  
  20  1:50  Drone  
  21  1:59  Queen x2  
  21  2:00  Zergling x4  
  27  2:11  Overlord  
  27  2:12  Drone  
  28  2:21  Hatchery  
  27  2:24  Drone  
  27  2:29  Drone  
  29  2:35  Drone  
  30  2:37  Queen  
  30  2:43  Metabolic Boost  
  32  2:47  Overlord  
  32  2:50  Drone  
  33  2:53  Drone  
  33  2:55  Drone  
  33  2:58  Drone  
  36  3:08  Drone x2  
  36  3:09  Drone  
  36  3:10  Pneumatized Carapace  
  39  3:13  Drone  
  39  3:14  Drone  
  39  3:19  Queen  
  41  3:24  Overlord  
  43  3:27  Drone  
  43  3:30  Overlord  
  44  3:34  Drone  
  44  3:37  Queen  
  47  3:41  Zergling x4  
  47  3:45  Overlord  
  47  3:47  Drone x2  
  51  3:48  Drone  
  51  3:51  Overlord  
  51  3:54  Drone x2  
  54  3:56  Drone  
  54  4:01  Overlord  
  54  4:02  Drone  
  56  4:05  Baneling Nest  
  56  4:08  Drone x3  
  58  4:12  Overlord  
  58  4:13  Drone  
  58  4:15  Drone  
  60  4:19  Queen  
  60  4:20  Drone  
  60  4:23  Drone  
  64  4:25  Zergling x4  
  64  4:26  Extractor  
  64  4:30  Drone x3  
  68  4:32  Drone x2  
  68  4:33  Extractor  
  68  4:34  Drone  
  68  4:38  Zergling x6  
  73  4:41  Zergling x4  
  73  4:44  Overlord  
  73  4:45  Zergling x4  
  77  4:48  Drone  
  77  4:50  Lair  
  77  4:51  Drone  
  79  4:53  Drone  
  79  4:56  Queen  
  82  5:01  Overlord  
  82  5:03  Drone x2  
  82  5:04  Zergling x6  
  82  5:07  Drone x2  
  89  5:12  Queen  
  82  5:14  Zergling x6  
  77  5:25  Zergling x2  
  77  5:27  Zergling x4  
  72  5:30  Drone x2  
  72  5:31  Drone, Queen  
  72  5:32  Drone  
  72  5:34  Drone x4  
  77  5:36  Drone  
  77  5:38  Drone  
  77  5:39  Drone  
  77  5:41  Drone  
  81  5:47  Drone  
  82  5:50  Centrifugal Hooks, Drone  
  82  5:53  Drone, Evolution Chamber  
  82  5:54  Evolution Chamber, Extractor  
  81  5:57  Drone  
  81  6:02  Zergling x2  
  81  6:03  Zergling x2  
  84  6:06  Overlord  
  84  6:07  Zergling x4  
  84  6:08  Baneling x2  
  84  6:09  Baneling x2  
  84  6:10  Baneling x2  
  84  6:11  Baneling x2  
  86  6:12  Baneling  
  86  6:13  Hatchery, Zergling x2  
  86  6:15  Zergling x2  
  86  6:16  Zergling x4  
  86  6:17  Zergling x2  
  86  6:18  Zergling x2  
  91  6:19  Baneling  
  91  6:23  Queen  
  93  6:27  Zerg Ground Armor Level 1  
  93  6:28  Zerg Melee Weapons Level 1  
  93  6:29  Zergling x4  
  93  6:31  Zergling x4  
  93  6:32  Zergling x2  
  98  6:34  Zergling x2  
  98  6:37  Zergling x4  
  101  6:40  Overlord  
  101  6:42  Baneling x5  
  101  6:43  Baneling x2  
  101  6:44  Zergling x4  
  99  6:48  Zergling x8  
  99  6:50  Zergling x4  
  104  6:55  Zergling x2  
  104  6:57  Overlord  
  104  7:00  Zergling x6  
  108  7:06  Zergling x2  
  108  7:08  Overlord  
  106  7:12  Zergling x4  
  106  7:14  Zergling x2  
  106  7:15  Zergling x2  
  110  7:19  Zergling x4  
  109  7:24  Drone x2  
  109  7:25  Drone  
  97  7:31  Drone  
  97  7:33  Drone x4  
  97  7:34  Drone x2, Queen  
  97  7:36  Drone x3  
  103  7:41  Drone x3  
  103  7:43  Drone  
  103  7:46  Zergling x2  
  103  7:47  Zergling x4  
  103  7:48  Baneling  
  103  7:50  Queen  
  108  7:52  Drone  
  108  7:57  Baneling x2  
  108  7:58  Baneling x2  
  109  7:59  Drone x2  
  109  8:00  Zergling x2  
  109  8:02  Overseer  
  109  8:04  Drone  
  113  8:06  Queen  
  113  8:07  Infestation Pit  
  113  8:09  Drone x7  
  121  8:15  Zergling x2  
  121  8:18  Zergling x6  
  124  8:22  Spore Crawler  
  124  8:24  Zerg Ground Armor Level 2, Zerg Melee Weapons Level 2  
  124  8:25  Zergling x6  
  124  8:27  Overlord  
  124  8:30  Baneling x4  
  124  8:31  Drone x3  
  110  8:41  Zergling x10  
  110  8:46  Zergling x12  
  117  8:49  Hive  
  117  8:50  Zergling x6  
  120  8:55  Zergling x2  
  120  8:58  Zergling x4  
  120  9:01  Hatchery, Extractor  
  121  9:04  Overlord x2  
  121  9:06  Baneling x7  
  121  9:08  Overseer  
  121  9:09  Zergling x4  
  123  9:12  Baneling x5  
  123  9:13  Zergling x4  
  125  9:18  Queen  
  125  9:20  Zergling x2  
  125  9:21  Zergling x8  
  119  9:26  Zergling x6  
  119  9:30  Zergling x6  
  125  9:33  Zergling x6  
  125  9:36  Zergling x2  
  128  9:39  Zergling x2  
  128  9:43  Zergling x4  
  128  9:44  Baneling x12  
  128  9:45  Drone  
  129  9:49  Drone x3  
  129  9:52  Baneling x7, Zergling x2  
  133  9:54  Zergling x4  
  133  9:56  Overlord  
  133  9:59  Zergling x4  
  137  10:01  Zergling x4  
  139  10:07  Ultralisk Cavern  
  139  10:08  Zergling x6  
  139  10:10  Baneling  
  139  10:13  Zergling x4  
  143  10:20  Zergling x12  
  146  10:21  Zergling x6  
  146  10:28  Overlord  
  149  10:30  Overlord  
  149  10:34  Viper x2  
  154  10:37  Zergling x8  
  157  10:45  Zergling x4  
  157  10:46  Zergling x2  
  157  10:48  Overlord x2  
  160  10:52  Adrenal Glands  
  159  11:00  Chitinous Plating  
  159  11:01  Ultralisk  
  159  11:02  Zergling x12  
  170  11:09  Hatchery  
  165  11:13  Overlord  
  165  11:17  Drone x8  
  164  11:19  Drone  
  164  11:20  Drone  
  150  11:27  Ultralisk  
  150  11:28  Drone x2  
  150  11:29  Drone  
  159  11:37  Zergling x12  
  163  11:46  Zerg Ground Armor Level 3  
  161  11:53  Spire  
  160  11:55  Zergling x12  
  160  11:58  Hatchery  
  160  11:59  Zergling x4  
  167  12:03  Zergling x2, Ultralisk  
  167  12:04  Zergling x6  
  177  12:09  Overlord  
  177  12:11  Zergling x8, Extractor  
  177  12:13  Zergling x4  
  177  12:22  Zergling x2, Ultralisk  
  180  12:23  Zergling x4  
  180  12:26  Zergling x4  
  150  12:38  Zergling x8, Ultralisk  
  150  12:41  Zergling x6  
  148  12:44  Baneling x2  
  148  12:45  Zergling x6  
  148  12:47  Zergling x2  
  148  12:49  Zergling x2  
  148  12:50  Zergling x2  
  150  12:52  Zergling x4  
  150  12:54  Zergling x4  
  151  12:58  Zergling x2  
  151  12:59  Zergling x4  
  140  13:06  Zergling x2  
  140  13:07  Zergling x8  
  140  13:09  Zerg Flyer Weapons Level 1  
  140  13:12  Anabolic Synthesis  
  130  13:18  Corruptor x2  
  134  13:27  Baneling x2  
  134  13:28  Baneling  
  134  13:33  Corruptor  
  134  13:38  Hatchery  
  134  13:40  Zergling x14  
  134  13:44  Baneling x2  
  134  13:45  Corruptor  
  133  13:50  Zergling x6  
  133  13:54  Zergling x4  
  134  13:58  Zergling x8  
  134  13:59  Baneling x4  
  136  14:04  Baneling x7  
  136  14:07  Zergling x2  
  136  14:08  Zergling x4  
  136  14:09  Zergling x2  
  140  14:10  Zergling x2  
  140  14:12  Zergling x4  
  140  14:16  Zergling x6  
  146  14:20  Zergling x6  
  146  14:21  Zergling x2  
  150  14:24  Corruptor  
  150  14:29  Corruptor  
  154  14:36  Zergling x10  
  154  14:38  Zergling x4  
  160  14:43  Corruptor  
  160  14:45  Zergling x4  
  164  14:52  Corruptor x2  
  164  14:55  Zergling x4  
  170  15:08  Zerg Melee Weapons Level 3  
  170  15:09  Baneling x2, Zergling x2  
  170  15:10  Zergling x12  
  170  15:13  Baneling x4  
  177  15:14  Zergling x6  
  177  15:18  Zergling x2  
  177  15:19  Baneling  
  181  15:25  Zergling x6  
  182  15:35  Zergling x22  
  177  15:43  Baneling x6  
  177  15:45  Ultralisk  
  183  15:51  Zergling x14  
  183  15:54  Zergling x6  
  193  15:58  Spore Crawler  
  192  16:04  Zergling x2  
  192  16:05  Zergling x6  
  192  16:10  Zergling x8  
  190  16:11  Hatchery  
  189  16:23  Zergling x16  
  195  16:28  Hatchery  
  195  16:30  Overlord  
  193  16:32  Overlord  
  193  16:38  Zergling x4  
  192  16:42  Baneling x5  
  191  16:47  Baneling x2  
  191  16:48  Zergling x2  
  191  16:49  Zergling x4  
  191  16:50  Zergling x6  
  194  16:56  Zergling x6  
  191  17:01  Zergling x6  
  170  17:19  Zergling x6, Ultralisk x2  
  179  17:25  Zergling x6  
  179  17:29  Zergling x2  
  168  17:35  Baneling x5  
  168  17:36  Baneling, Drone x2  
  167  17:37  Zergling x6  
  167  17:41  Drone  
  167  17:42  Drone  
  167  17:43  Baneling x2  
  166  17:45  Zergling x2  
  166  17:48  Zergling x6  
  169  17:53  Zergling x6  
  169  17:57  Zergling x6  
  173  18:02  Baneling x5  
  173  18:03  Baneling x12, Zergling x2  
  174  18:11  Drone x8  
  182  18:21  Zergling x2  
  182  18:22  Zergling x10  
  188  18:30  Zergling x18  
  188  18:34  Zergling x6  
  198  18:41  Zergling x2  
  200  18:51  Baneling x3  
  200  18:55  Hatchery  
  193  19:00  Ultralisk  
  184  19:04  Zergling x20  
  184  19:07  Zergling x18  
  188  19:11  Zergling x2  
  188  19:15  Zergling x12  
  195  19:20  Baneling x4, Drone  
  195  19:23  Zergling x8  
  195  19:27  Zergling x2  
  195  19:28  Zergling x8  
  195  19:30  Overseer x2  
  159  19:39  Zergling x14  
  159  19:40  Zergling x2  
  159  19:43  Zergling x4  
  160  19:52  Zergling x6  
  152  19:57  Zergling x4, Ultralisk  
  157  20:02  Zergling x8  
  146  20:08  Zergling x6  
  146  20:12  Zergling x8  
  145  20:15  Zergling x2  
  145  20:16  Zergling x4  
  145  20:18  Zergling x2  
  145  20:20  Zergling x6  
  138  20:23  Zergling x4  
  138  20:25  Zergling x4  
  134  20:30  Zergling x10  
  135  20:38  Zergling x10  
  133  20:47  Zergling x6  
  133  20:49  Baneling x3  
  136  20:52  Zergling x4  
  136  20:55  Hatchery  
  137  21:00  Zergling x12  
  137  21:03  Zergling x6  
  146  21:09  Zergling x2, Ultralisk  
  150  21:14  Zergling x2  
  150  21:15  Zergling x8  
  150  21:16  Zergling x4  
  156  21:20  Zergling x6  
  156  21:22  Zergling x6  
  146  21:27  Zergling x4  
  146  21:28  Zergling x4  
  146  21:31  Zergling x6  
  152  21:35  Zergling x6  
  152  21:38  Baneling x8  
  152  21:39  Baneling x8  
  149  21:40  Baneling x2  
  149  21:43  Zergling x4  
  151  21:47  Zergling x10  
  153  21:54  Zergling x12  
  153  21:57  Zergling x6  
  160  22:04  Zergling x8  
  160  22:07  Zergling x10  
  169  22:13  Zergling x10  
  172  22:19  Zergling x12  
  172  22:25  Zergling x12  
  172  22:26  Baneling  
  172  22:27  Baneling x2  
  174  22:32  Zergling x10  
  174  22:39  Ultralisk, Zergling x4  
  174  22:42  Zergling x2  
  174  22:43  Zergling x6  
  180  22:45  Zergling x6  
  180  22:48  Zergling x2  
  180  22:49  Zergling x4  
  171  22:59  Zergling x6  
  171  23:04  Zergling x12  
  175  23:07  Baneling x6  
  175  23:10  Zergling x4  
  175  23:11  Zergling x8  
  187  23:14  Zergling x2  
  187  23:19  Baneling  
  188  23:21  Zergling x10  
  188  23:25  Zergling x4  
Show
View Real Time Build Order
Export as new Build Order

ByuN Terran 

Build Orders:  

Get SALT Encoding   

  12  0:00  SCV  
  13  0:12  SCV  
  14  0:17  Supply Depot  
  14  0:24  SCV  
  15  0:38  SCV  
  15  0:40  Barracks  
  16  0:43  Refinery  
  16  0:50  SCV  
  17  1:02  SCV  
  18  1:14  SCV  
  19  1:27  Barracks Reactor, Orbital Command  
  19  1:39  Command Center  
  19  1:46  Supply Depot  
  19  1:52  SCV  
  20  1:58  Barracks  
  20  2:04  Marine x2  
  20  2:06  SCV  
  23  2:14  Barracks  
  23  2:18  SCV  
  23  2:22  Marine x2  
  26  2:30  SCV  
  27  2:40  Marine x2  
  27  2:42  SCV  
  30  2:45  Barracks Tech Lab  
  30  2:51  Orbital Command  
  30  2:54  SCV  
  30  2:57  Marine  
  30  2:58  Marine  
  33  3:02  Barracks Tech Lab  
  33  3:03  Marine  
  34  3:06  SCV  
  34  3:08  Refinery  
  35  3:13  Stimpack  
  35  3:15  Marine x2  
  35  3:18  SCV  
  35  3:19  SCV  
  39  3:23  Supply Depot, Marine  
  39  3:24  Marine  
  41  3:30  SCV  
  41  3:31  SCV  
  43  3:34  Marine  
  43  3:35  Marine  
  43  3:41  Marine  
  45  3:45  SCV x2, Marine  
  45  3:46  Supply Depot  
  49  3:50  Combat Shield  
  49  3:52  Marine  
  49  3:54  Marine  
  51  3:57  SCV x2  
  53  4:03  Marine  
  53  4:08  Marine  
  53  4:09  SCV x2  
  57  4:10  Factory  
  57  4:11  Supply Depot  
  57  4:12  Marine  
  57  4:14  Marine  
  59  4:20  Engineering Bay  
  59  4:21  SCV x2  
  61  4:24  Marine  
  62  4:32  Marine x2  
  62  4:33  Supply Depot, SCV x2  
  62  4:35  Marine  
  67  4:43  Refinery  
  68  4:45  SCV x2  
  68  4:47  Terran Infantry Weapons Level 1  
  70  4:54  Marine x3  
  70  4:58  Starport  
  72  5:01  Supply Depot, SCV  
  72  5:02  SCV  
  72  5:03  Marine  
  72  5:04  Siege Tank  
  78  5:12  Marine  
  78  5:18  Marine  
  78  5:20  Marine  
  73  5:21  Marine  
  73  5:24  SCV x2  
  73  5:30  Marine  
  66  5:36  Marine  
  66  5:37  Medivac, Siege Tank  
  66  5:38  Refinery, Marine  
  66  5:39  Marine  
  74  5:46  Command Center  
  74  5:48  Marine  
  75  5:52  Supply Depot, SCV  
  75  5:54  Marine  
  75  5:56  Marine  
  78  5:58  Barracks Reactor  
  78  6:00  SCV  
  79  6:06  Marine  
  79  6:09  Starport Reactor  
  79  6:11  Siege Tank  
  83  6:12  Marine  
  83  6:17  SCV x2, Barracks  
  86  6:20  Barracks  
  86  6:23  Marine x2  
  88  6:29  Marine  
  89  6:35  Marine  
  89  6:36  Marine  
  91  6:40  Marine  
  91  6:41  Marine  
  91  6:45  SCV x2  
  94  6:49  Supply Depot  
  94  6:53  Supply Depot  
  94  6:58  Marine x4, Medivac x2, Siege Tank  
  94  7:00  Supply Depot  
  105  7:06  SCV x2  
  105  7:07  Marine  
  108  7:12  Barracks Reactor x2  
  107  7:15  Marine  
  107  7:18  SCV x2  
  110  7:29  Marine x2  
  100  7:30  SCV x2, Siege Tank  
  100  7:31  Marine x2  
  100  7:32  Medivac  
  100  7:33  Marine  
  100  7:34  Medivac  
  104  7:42  SCV x2  
  105  7:46  Marine x2  
  107  7:52  Orbital Command  
  107  7:54  SCV  
  107  7:58  Bunker  
  108  8:01  Supply Depot  
  108  8:02  Terran Infantry Armor Level 1, Siege Tank  
  108  8:03  Marine x4  
  115  8:05  Marine x2  
  115  8:06  Marine  
  115  8:09  Marine x2  
  120  8:14  Armory  
  120  8:17  Engineering Bay  
  120  8:25  SCV x2  
  122  8:28  Marine x6  
  122  8:29  Marine x2  
  122  8:30  Marine  
  116  8:43  Siege Tank  
  116  8:44  SCV x2  
  116  8:45  SCV  
  116  8:46  Marine x6  
  116  8:47  Marine x2  
  127  8:54  Refinery x2, Factory  
  127  8:55  Supply Depot  
  127  9:02  Terran Infantry Weapons Level 2  
  128  9:04  Marine x2  
  128  9:05  Marine  
  128  9:06  Marine x4  
  128  9:07  Marine x2  
  136  9:11  Liberator  
  136  9:16  Liberator  
  142  9:21  Marine  
  142  9:23  Siege Tank  
  146  9:25  Marine  
  147  9:32  Marine  
  147  9:41  Marine  
  147  9:42  Marine  
  147  9:44  Factory Tech Lab  
  149  9:46  Supply Depot  
  149  9:47  Command Center  
  149  10:08  Marine x6, Medivac  
  157  10:15  Marine x3  
  157  10:16  Medivac  
  157  10:17  Siege Tank  
  154  10:26  Marine x3  
  157  10:28  Marine  
  157  10:29  Siege Tank  
  157  10:30  Supply Depot  
  157  10:34  Barracks  
  157  10:36  Barracks x2  
  157  10:39  Supply Depot  
  157  10:40  Marine x2  
  157  10:41  Marine x2  
  161  10:44  Medivac  
  161  10:46  Medivac  
  161  10:47  Terran Infantry Armor Level 2  
  165  10:52  Siege Tank  
  168  10:58  Terran Vehicle Weapons Level 1  
  168  11:01  Siege Tank  
  168  11:03  Marine x7  
  168  11:04  Marine x2  
  174  11:20  Marine  
  174  11:21  Marine x3  
  174  11:24  Marine x4  
  174  11:25  Marine  
  168  11:26  Barracks Tech Lab  
  168  11:27  Barracks Tech Lab x2  
  168  11:28  SCV  
  168  11:29  SCV x2  
  161  11:38  Planetary Fortress  
  161  11:40  SCV  
  161  11:41  SCV x2  
  161  11:42  Terran Infantry Weapons Level 3  
  164  11:49  Marauder x2  
  164  11:50  Marauder  
  164  11:51  Marauder  
  164  11:52  Sensor Tower  
  164  11:53  SCV x3, Missile Turret, Siege Tank x2  
  181  12:05  SCV x2  
  183  12:11  Marauder x3  
  182  12:17  Marauder  
  183  12:25  Marine, Siege Tank  
  183  12:26  Marine x2  
  183  12:29  Siege Tank  
  185  12:32  Marauder x3  
  185  12:35  SCV  
  185  12:36  SCV  
  163  12:38  Marine  
  163  12:39  Marauder  
  144  12:44  SCV  
  144  12:48  SCV x2  
  142  12:53  Marauder  
  142  12:54  Marauder x2  
  142  12:56  SCV  
  142  12:57  Siege Tank  
  142  12:58  Supply Depot  
  152  13:00  SCV x2, Marauder  
  141  13:15  Marauder x3  
  141  13:17  Marine x4  
  141  13:18  Marine x4  
  155  13:21  Bunker, Marauder, Siege Tank  
  155  13:23  Medivac  
  155  13:24  Medivac  
  164  13:29  Siege Tank  
  164  13:31  Terran Infantry Armor Level 3, Concussive Shells  
  161  13:41  Marauder x2  
  161  13:43  Marine x2  
  161  13:44  Marine x2  
  165  13:53  Medivac, Siege Tank  
  165  13:54  Medivac  
  172  13:58  Marauder  
  172  13:59  Marauder  
  172  14:00  Marine  
  172  14:01  Marine x2, Siege Tank  
  186  14:02  Marauder  
  186  14:03  Marauder, Marine  
  184  14:20  Marauder x2  
  188  14:26  Supply Depot  
  188  14:31  Liberator x2  
  196  14:33  Command Center  
  196  14:47  Ghost Academy  
  196  14:50  Marauder x2  
  194  15:01  Command Center  
  194  15:02  Command Center  
  194  15:15  Refinery  
  194  15:17  Ghost x3, Refinery  
  197  15:36  Ghost  
  197  15:41  Marine x2  
  197  15:42  Marine  
  195  15:44  Siege Tank  
  195  15:45  Ghost x2  
  198  15:54  Planetary Fortress  
  198  15:56  Command Center  
  198  16:00  Terran Vehicle Weapons Level 2  
  198  16:04  Ghost  
  195  16:14  Ghost, Medivac  
  199  16:22  Ghost x2  
  190  16:26  Marine  
  190  16:27  Personal Cloaking  
  191  16:33  Ghost  
  189  16:40  Siege Tank x2  
  193  16:52  SCV x3  
  193  16:53  Refinery x2  
  194  16:59  Ghost  
  194  17:00  Ghost  
  195  17:02  Marine x2  
  195  17:05  Marine  
  195  17:07  Ghost  
  184  17:08  Marine x2  
  184  17:09  Marine  
  184  17:12  Ghost, Marine, Siege Tank  
  169  17:16  SCV  
  169  17:17  SCV  
  169  17:21  SCV  
  169  17:22  Marine x2  
  162  17:23  Marine  
  162  17:28  SCV, Ghost  
  162  17:29  SCV, Ghost  
  160  17:33  SCV  
  159  17:39  Ghost  
  159  17:40  SCV  
  164  17:52  Orbital Command  
  164  17:59  Siege Tank  
  167  18:12  Ghost x4  
  171  18:17  SCV x3  
  171  18:18  SCV  
  177  18:32  Marine x5  
  182  18:38  Siege Tank x2  
  194  18:41  Marauder x4  
  194  18:43  SCV x4  
  194  18:45  Planetary Fortress  
  200  18:48  Refinery  
  200  18:52  Orbital Command  
  172  19:03  Ghost x2  
  167  19:12  Marine  
  171  19:20  Siege Tank  
  171  19:23  Marine  
  175  19:25  Marine x2  
  163  19:37  Marine x3, Marauder  
  163  19:38  Marauder  
  146  19:40  Marine x2, Marauder x2  
  146  19:42  Marine x2  
  146  19:43  Marine  
  143  19:52  Siege Tank  
  142  19:54  Marine  
  142  19:55  Marine x2  
  142  19:57  Marine  
  142  19:58  Marine  
  142  19:59  Marauder x2  
  140  20:00  Marine x2  
  140  20:01  Marine, Marauder x2  
  137  20:12  Marine x3  
  136  20:15  Marine x2  
  136  20:17  Marine  
  136  20:18  SCV x2, Marine  
  136  20:19  Marine  
  136  20:20  SCV, Marauder x2  
  122  20:21  SCV x2  
  122  20:23  Marauder  
  122  20:27  Medivac x2  
  126  20:29  Orbital Command  
  126  20:34  Ghost  
  126  20:36  Marine x2  
  126  20:41  Ghost x2  
  128  20:43  Ghost  
  128  20:48  Marine x6  
  136  20:54  Marine  
  137  20:57  Medivac  
  137  21:01  Marine  
  137  21:03  Ghost  
  127  21:07  Orbital Command  
  122  21:12  Marine  
  122  21:15  Medivac  
  111  21:31  Marine  
  111  21:32  Marine x6  
  114  21:33  Marauder x3  
  114  21:35  Medivac  
  114  21:38  Orbital Command  
  122  21:45  Marauder  
  122  21:46  Marine  
  125  21:49  SCV x3, Marine x2  
  125  21:52  Marine x2  
  129  21:55  Marauder x2  
  130  22:05  Supply Depot  
  130  22:06  Marine  
  129  22:10  SCV  
  130  22:16  Ghost  
  130  22:19  SCV  
  130  22:23  SCV  
  130  22:27  Orbital Command  
  130  22:28  Marine x4  
  126  22:32  Ghost  
  112  23:14  Supply Depot  
  112  23:17  Supply Depot  
  112  23:20  Supply Depot  
Tags
 
Add a new tag
Caveats
  • Supply blocks, unpowered buildings, or Contaminate may cause inaccurate times.
  • Supply counts are checked every 10 seconds.